 Dungeon Crawl Stone Soup version 0.31.0-9-g3a7656b989 (webtiles) character file.

Game seed: 8653785153604775382

62 qw the Shooter (level 3, -3/29 HPs)
             Began as a Demigod Hunter on Feb 2, 2024.
             Killed by divine providence
             ... invoked by an orc priest
              (11 damage)
             ... on level 3 of the Dungeon.
             The game lasted 00:00:06 (2045 turns).

qw the Shooter (Demigod Hunter)                     Turns: 2045, Time: 00:00:06

Health: -3/29      AC:  7    Str: 12    XL:     3   Next: 60%
Magic:  5/5        EV: 11    Int: 11    God:
Gold:   126        SH:  0    Dex: 21    Spells: 2/2 levels left

rFire   . . .        a - +1 shortbow (chaos)
rCold   . . .        (shield currently unavailable)
rNeg    . . .        d - +0 ring mail
rPois   .            (no helmet)
rElec   .            (no cloak)
rCorr   .            h - +1 pair of gloves
SInv    .            (no boots)
Will    .....        (no amulet)
Stlth   +            (no ring)
HPRegen 0.24/turn    (no ring)
MPRegen 0.09/turn

%: no passive effects
@: no status effects
A: high MP 1, forlorn, divine attributes
a: no special abilities


You were on level 3 of the Dungeon.
You visited 1 branch of the dungeon, and saw 3 of its levels.

You collected 126 gold pieces.


Innate Abilities, Weirdness & Mutations

You have an increased reservoir of magic. (+10% MP)
You shall have no god before yourself.
Your divine heritage dramatically boosts your attributes as you level up.


   Skills:
 - Level 2.0 Fighting
 - Level 5.0 Ranged Weapons
 + Level 0.0 Armour
 - Level 1.7 Dodging
 - Level 0.8 Stealth


You had 2 spell levels left.
You didn't know any spells.
Your spell library was empty.

Inventory:

Hand Weapons
 a - a +1 shortbow of chaos (weapon)
Armour
 d - a +0 ring mail (worn)
 h - a +1 pair of gloves (worn)
Potions
 b - a potion of mutation
 c - a potion of curing {unknown}
 e - a potion of haste {unknown}
 f - a potion of degeneration {unknown}
 g - a potion of attraction {unknown}

Dungeon Overview and Level Annotations

Branches:
Dungeon (3/15)


Message History

You hear a shout!
You have reached level 3!
Your experience leads to a dramatic increase in your attributes!
Increase (S)trength, (I)ntelligence, or (D)exterity?
You feel agile. x4
An orc and an orc priest come into view.
The orc shouts!
You hear a shout!
The orc priest calls down the wrath of Beogh upon you.
Pain shoots through your body!
You see here 5 stones.
You shoot an arrow.
The arrow hits the orc priest but does no damage.
The orc priest blinks!
An orc wizard comes into view. It is wielding a +0 dagger.
You shoot an arrow. The arrow closely misses the orc.
The arrow closely misses the orc wizard.
An orc comes into view. It is wielding a +2 trident of flaming.
You shoot an arrow. The arrow hits the orc!
You kill the orc!
The orc wizard gestures at you while chanting.
The puff of flame hits you.
You shoot an arrow. The arrow hits the orc wizard.
The orc wizard looks weaker.
The orc wizard is lightly wounded.
The orc wizard closely misses you. The orc barely misses you.
You shoot an arrow.
The arrow hits the orc wizard but does no damage.
Lightning courses through the orc wizard!!
You kill the orc wizard!
The orc barely misses you.
You shoot an arrow. The arrow hits the orc.
The arrow burns the orc.
You kill the orc!
The orc priest calls down the wrath of Beogh upon you.
Pain shoots through your body!
Your Ranged Weapons skill increases to level 5!
You shoot an arrow. The arrow hits the orc priest!
The orc priest seems to grow stronger.
The orc priest is heavily wounded.
The orc priest calls down the wrath of Beogh upon you.
Beogh smites you!
You die...

#.#...#.# #.#
#.......# #.#
#.######..........
#.#
#......#.##...#### #
... #...........#
##. #.#
#......###..#... #..
#.#.........#o# #
#.........).##..#
......####.@...)..#
...........#####....
.#########. .. #. ..
.. ...


You could see an orc priest (strong).

Vanquished Creatures
  An orc wizard (D:3)
  A ribbon worm (D:2)
  A dart slug (D:2)
  3 orcs (D:3)
  3 ball pythons (D:2)
  3 endoplasms (D:2)
  2 giant cockroaches (D:2)
  5 goblins
  A hobgoblin (D:1)
  5 bats (D:1)
  A frilled lizard (D:1)
  2 rats
28 creatures vanquished.

Notes
Turn   | Place    | Note
-------+----------+-------------------------------------------
     0 | D:1      | qw the Demigod Hunter began the quest for the Orb.
     0 | D:1      | Reached XP level 1. HP: 17/17 MP: 3/3
     0 | D:1      | 0 ||| qw: Version: 0.3-a-155-g5e7d8dd
     0 | D:1      | 0 ||| qw: Game counter: 461
     0 | D:1      | 0 ||| qw: Melee chars always use a shield: true
     0 | D:1      | 0 ||| qw: God list: Okawaru
     0 | D:1      | 0 ||| qw: Allow faded altars: false
     0 | D:1      | 0 ||| qw: Do Orc after clearing Dungeon:15 true
     0 | D:1      | 0 ||| qw: Do second Lair branch before Depths: true
     0 | D:1      | 0 ||| qw: Lair rune preference: random
     0 | D:1      | 0 ||| qw: Goals: Normal
     0 | D:1      | 0 ||| PLANNING D:1-11
   259 | D:1      | Reached skill level 4 in Ranged Weapons
   705 | D:1      | Reached XP level 2. HP: 24/24 MP: 4/4
   921 | D:1      | 921 ||| UPGRADING to +0 ring mail.
   931 | D:1      | 931 ||| DROPPING +0 leather armour.
   932 | D:1      | 932 ||| UPGRADING to +1 pair of gloves.
   937 | D:1      | 937 ||| READING scroll labelled WEVVIFA UPUUSCH.
   937 | D:1      | 937 ||| ENCHANTING +0 shortbow.
   938 | D:1      | 938 ||| READING scroll labelled ASUOTHR GIBB.
   942 | D:1      | 942 ||| READING scroll labelled AVIMNAGHI PAOM.
   943 | D:1      | 943 ||| DROPPING scroll of butterflies.
  1033 | D:2      | 1033 ||| FLEEEEING.
  1034 | D:2      | 1034 ||| FLEEEEING.
  1035 | D:2      | 1035 ||| FLEEEEING.
  1036 | D:2      | 1036 ||| FLEEEEING.
  1045 | D:2      | 1045 ||| FLEEEEING.
  1046 | D:2      | 1046 ||| FLEEEEING.
  1047 | D:2      | 1047 ||| FLEEEEING.
  1048 | D:2      | 1048 ||| FLEEEEING.
  1049 | D:2      | 1049 ||| FLEEEEING.
  1050 | D:2      | 1050 ||| FLEEEEING.
  1051 | D:2      | 1051 ||| FLEEEEING.
  1052 | D:2      | 1052 ||| FLEEEEING.
  1053 | D:2      | 1053 ||| FLEEEEING.
  1057 | D:2      | 1057 ||| FLEEEEING.
  1058 | D:2      | 1058 ||| FLEEEEING.
  1059 | D:2      | 1059 ||| FLEEEEING.
  1060 | D:2      | 1060 ||| FLEEEEING.
  1061 | D:2      | 1061 ||| FLEEEEING.
  1062 | D:2      | 1062 ||| STAIRDANCE
  1817 | D:2      | 1817 ||| READING scroll labelled QOUTEYDWUSS.
  1817 | D:2      | 1817 ||| IDENTIFYING murky dark potion
  1818 | D:2      | 1818 ||| READING scroll labelled PEGUIM SUMMOOKK.
  1818 | D:2      | 1818 ||| BRANDING +1 shortbow.
  2038 | D:3      | Reached XP level 3. HP: 29/29 MP: 5/5
  2045 | D:3      | Reached skill level 5 in Ranged Weapons
  2045 | D:3      | Killed from afar by an orc priest

Levels and vault maps discovered:
D:1:      heliophobic_arrival_glass_houses, layout_basic, glass_columns_a
D:2:      layout_basic
D:3:      layout_loops_cross

Skill      XL: |  1  2  3 |
---------------+----------+-----
Ranged Weapons | 4 5 |  5.0
Fighting       | 2 |  2.0
Dodging        | |  1.7
Stealth        | |  0.8

Action                     || total
---------------------------++-------
   Fire: Shortbow          ||    69
    Use: Scroll            ||     5
 Armour: Ring mail         ||    13
  Dodge: Dodged            ||    12

Table legend:
 A = Non-vault XP
 B = Vault XP
 C = Vault XP percentage of total XP
 D = Non-vault monster count
 E = Vault monster count
 F = Vault count percentage of total count
                 A         B        C        D         E       F
            +---------+---------+-------+---------+---------+-------
      Total |      89 |       0 |   0.0 |      28 |       0 |   0.0
            +---------+---------+-------+---------+---------+-------
        D:1 |      15 |       0 |   0.0 |      10 |       0 |   0.0
        D:2 |      28 |       0 |   0.0 |      13 |       0 |   0.0
        D:3 |      46 |       0 |   0.0 |       5 |       0 |   0.0
            +---------+---------+-------+---------+---------+-------
